 Dungeon Crawl Stone Soup version 0.24.0-123-gd5b16e6ec5 (webtiles) character file.

Game seed: 10754868225592346105, levelgen mode: deterministic

236 Martska the Charmwright (level 6, -9/47 HPs)
             Began as a Human Skald on Feb 11, 2020.
             Killed by divine providence
             ... invoked by an orc priest
              (14 damage)
             ... on level 3 of the Dungeon.
             The game lasted 00:14:51 (5952 turns).

Martska the Charmwright (Human Skald)               Turns: 5952, Time: 00:14:51

Health: -9/47      AC:  4    Str: 13    XL:     6   Next: 27%
Magic:  5/9        EV: 12    Int: 14    God:
Gold:   131        SH:  0    Dex: 12    Spells: 2/10 levels left

rFire    . . .     SeeInvis .   a - +0 falchion
rCold    . . .     Gourm    .   (no shield)
rNeg     . . .     Faith    .   b - +0 leather armour
rPois    +         Spirit   .   (no helmet)
rElec    .         Reflect  .   h - +0 cloak
rCorr    .         Harm     .   (no gloves)
MR       .....                  (no boots)
Stlth    +.........             (no amulet)
HPRegen  0.15/turn              g - ring of poison resistance
MPRegen  0.11/turn              (no ring)

@: very slightly contaminated
A: no striking features
a: no special abilities


You were on level 3 of the Dungeon.
You were not hungry.

You visited 1 branch of the dungeon, and saw 4 of its levels.

You collected 131 gold pieces.

Inventory:

Hand Weapons
 a - a +0 falchion (weapon)
Missiles
 e - 77 stones (quivered)
Armour
 b - a +0 leather armour (worn)
 h - a +0 cloak (worn)
Jewellery
 g - a ring of poison resistance (left hand)
Scrolls
 j - a scroll of enchant armour
 k - 2 scrolls of teleportation
 l - a scroll of identify
Potions
 c - 3 potions of magic
 f - a potion of curing
 i - 2 potions of flight {unknown}
Comestibles
 d - 4 rations


   Skills:
 * Level 3.2 Fighting
 * Level 3.3 Long Blades
 + Level 1.9 Armour
 + Level 2.7 Dodging
 + Level 2.6 Spellcasting
 + Level 1.0 Hexes
 + Level 3.4 Charms
 + Level 1.2 Translocations


You had 2 spell levels left.
You knew the following spells:

 Your Spells              Type           Power        Failure   Level  Hunger
a - Infusion              Chrm           ##..         7%          1    #......
b - Shroud of Golubria    Chrm/Tloc      #.....       16%         2    ###....
c - Spectral Weapon       Hex/Chrm       #.......     32%         3    ###....
d - Blink                 Tloc           N/A          26%         2    ###....

Your spell library contained the following spells:

 Spells                   Type           Power        Failure   Level  Hunger
 Song of Slaying          Chrm           ##......     11%         2    ###....
 Magic Dart               Conj           #...         28%         1    #......
 Slow                     Hex            #.......     28%         2    ###....
 Call Imp                 Summ           #.......     41%         2    ###....
 Regeneration             Chrm/Necr      #.........   38%         3    ###....
 Conjure Flame            Conj/Fire      #.......     65%         3    ###....
 Mephitic Cloud           Conj/Pois/Air  #.......     65%         3    ###....


Dungeon Overview and Level Annotations

Branches:
Dungeon (4/15)
 Temple: D:4-7

Altars:
Wu Jian

Annotations:
D:2 Sigmund


Message History

The orc priest is severely wounded.
The orc priest hits you but does no damage.
You hit the orc priest.
The orc priest is severely wounded.
You are no longer magically infusing your attacks.
The orc priest hits you but does no damage.
You hit the orc priest but do no damage.
The orc priest is severely wounded.
The orc priest invokes the aid of Beogh against you.
Pain shoots through your body!
* * * LOW HITPOINT WARNING * * *
You hit the orc priest.
The orc priest is almost dead.
The orc priest hits you with a +0 dagger.
* * * LOW HITPOINT WARNING * * *
You hit the orc priest but do no damage.
The orc priest is almost dead.
The orc priest invokes the aid of Beogh against you.
Beogh smites you!
You die...

.# ##...######.#####
.# ##.....## #.### .#
##.......## #.#.##
.###.........###....##
...'.........'.......#
####.........###....##
# ##.......## #.#.##
##)[...## #[###
##...## #@# #### ##'##
#o# ...# #.# #.#####
##.# #.# #.....# #.#
##.## #####.# #.#
##...## #.# ##.#
#.....# #.# ...#
#....## #.#
######.#.###########.#


You could see an orc priest.

Vanquished Creatures
  An iguana (D:3)
  2 worker ants (D:4)
  4 gnolls (D:3)
  5 adders
  A worm (D:2)
  3 dart slugs
  2 leopard geckos
  2 orcs
  9 bats
  4 giant cockroaches
  5 goblins
  6 hobgoblins
  6 jackals
  8 frilled lizards
  8 kobolds
  10 rats
76 creatures vanquished.

Vanquished Creatures (others)
  A spectral weapon (D:4)
1 creature vanquished.

Grand Total: 77 creatures vanquished

Notes
Turn   | Place    | Note
-------+----------+-------------------------------------------
     0 | D:1      | Martska the Human Skald began the quest for the Orb.
     0 | D:1      | Reached XP level 1. HP: 16/16 MP: 3/3
   381 | D:1      | Reached XP level 2. HP: 15/22 MP: 3/5
   831 | D:1      | Learned a level 2 spell: Shroud of Golubria
   856 | D:1      | Reached XP level 3. HP: 19/28 MP: 6/6
   955 | D:1      | Learned a level 3 spell: Spectral Weapon
  1685 | D:2      | Reached XP level 4. HP: 27/34 MP: 2/7
  1708 | D:2      | Noticed Sigmund
  2677 | D:3      | Reached XP level 5. HP: 23/40 MP: 8/8
  3447 | D:3      | Reached skill level 1 in Translocations
  3490 | D:3      | Learned a level 2 spell: Blink
  3812 | D:3      | Found an ornate altar of the Wu Jian Council.
  5063 | D:4      | Reached XP level 6. HP: 26/47 MP: 6/9
  5572 | D:4      | Reached skill level 1 in Hexes
  5952 | D:3      | Killed from afar by an orc priest

Levels and vault maps discovered:
D:1:      tarquinn_simple_flora_water_a, layout_rooms,
          chequers_serial_rivers_micro_a, kennysheep_minor_cross
D:2:      layout_basic, lemuel_coloured_pillars_altar, uniq_sigmund,
          uniq_crazy_yiuf_cottage
D:3:      layout_loops_corners, nicolae_overflow_hidden_temple, first_ration
D:4:      layout_rooms, grunt_temple_overflow_open, uniq_eustachio, uniq_robin

Skill      XL: |  1  2  3  4  5  6 |
---------------+-------------------+-----
Long Blades    | 3 |  3.3
Fighting       | 3 |  3.2
Translocations | 1 |  1.2
Hexes          | 1 |  1.0
Armour         | |  1.9
Dodging        | |  2.7
Spellcasting   | |  2.6
Charms         | |  3.4

Action                   |  1- 3 |  4- 6 || total
-------------------------+-------+-------++-------
Melee: Falchion          |   112 |   159 ||   271
Throw: Stone             |       |     8 ||     8
 Cast: Infusion          |     4 |    10 ||    14
       Blink             |       |     3 ||     3
       Spectral Weapon   |       |     4 ||     4
  Use: Scroll            |       |     6 ||     6
 Stab: Distracted        |       |     1 ||     1
  Eat: Ration            |     1 |     4 ||     5
Armor: Leather armour    |    45 |    48 ||    93
Dodge: Dodged            |    93 |   125 ||   218
       Rpst.: Falchion   |    24 |    36 ||    60
